 Dungeon Crawl Stone Soup version 0.22.1-1-ga44c0e5 (webtiles) character file.

151 MTVSty1e the Chopper (level 5, 0/34 HPs)
             Began as a Gargoyle Monk on Oct 18, 2018.
             Slain by Crazy Yiuf
             ... wielding a +2 quarterstaff of chaos
              (9 damage)
             ... on level 3 of the Dungeon.
             The game lasted 00:04:37 (2496 turns).

MTVSty1e the Chopper (Gargoyle Monk)                Turns: 2496, Time: 00:04:42

Health: 0/34       AC: 14    Str: 17    XL:     5   Next: 33%
Magic:  0/5        EV: 10    Int: 11    God:
Gold:   166        SH:  0    Dex: 14    Spells: 4/4 levels left

rFire    . . .     SeeInvis .   a - +1 hand axe
rCold    . . .     Gourm    .   (no shield)
rNeg     + . .     Faith    .   p - +0 scale mail
rPois    ∞         Spirit   .   (no helmet)
rElec    +         Reflect  .   (no cloak)
rCorr    .         Harm     .   (no gloves)
MR       .....                  b - +0 pair of boots
Stlth    +.........             (no amulet)
HPRegen  0.11/turn              i - +3 ring of protection
MPRegen  0.09/turn              (no ring)

@: no status effects
A: agile 1, high mp 1, negative energy resistance 1, electricity resistance,
strong 1, unbreathing, petrification resistance, rot immunity, AC +4
a: no special abilities


You were on level 3 of the Dungeon.
You were not hungry.

You visited 1 branch of the dungeon, and saw 3 of its levels.

You collected 166 gold pieces.

Inventory:

Hand Weapons
 a - a +1 hand axe (weapon)
Armour
 b - a +0 pair of boots (worn)
 p - a +0 scale mail (worn)
Jewellery
 i - a +3 ring of protection (left hand)
Scrolls
 e - a scroll of teleportation
 g - a scroll of magic mapping {unknown}
 h - 3 scrolls of remove curse {unknown}
 j - 5 scrolls of identify {unknown}
 k - a scroll of blinking {unknown}
 l - a scroll of amnesia {unknown}
Potions
 m - a potion of curing
Comestibles
 c - 9 rations
 d - a chunk of flesh


   Skills:
 + Level 4.5 Fighting
 * Level 4.6 Axes
 - Level 2.4 Dodging
 - Level 2.1 Stealth


You had 4 spell levels left.
You didn't know any spells.
Your spell library was empty.

Dungeon Overview and Level Annotations

Branches:
Dungeon (3/15)

Altars:
Cheibriados
Hepliaklqana
The Shining One

Annotations:
D:3 Crazy Yiuf, Grinder


Innate Abilities, Weirdness & Mutations

You are resistant to torment.
Your stone body is resilient. (AC +4)
You are immune to poison.
You resist negative energy. (rN+)
You are resistant to electric shocks. (rElec)
You can survive without breathing.
You are immune to petrification.
You are immune to rotting.
You are agile. (Dex +2)
You have an increased reservoir of magic. (+10% MP)
Your muscles are strong. (Str +2)


Message History

d - 2 chunks of flesh Eat one of 2 chunks of flesh? (ye/n/q)
You eat one of the 2 chunks of flesh.
This raw flesh tastes terrible.
Found a stone staircase leading down.
You open the door.
Crazy Yiuf the Enlightened comes into view.
He is wielding a quarterstaff of Crazy Yiuf shouts!
Found a mace.
Crazy Yiuf drinks a potion.
Crazy Yiuf goes berserk!
There is an open door here.
Crazy Yiuf hits you with a quarterstaff of chaos.
Crazy Yiuf freezes you.
You hit Crazy Yiuf.
Crazy Yiuf is lightly wounded.
Crazy Yiuf hits you with a quarterstaff of chaos!!
Ouch! That really hurt!
* * * LOW HITPOINT WARNING * * *
You feel your power leaking away.
Crazy Yiuf hits you with a quarterstaff of chaos!
You die...

#.#.# #.#.# #.#.#
#.#.# #.#.#
♣♣♣♣♣##.#.#
#####♣♣♣.♣...+.#.#
#...#♣..♣......#.#
#.g@'.♣♣♣♣.......#
#)..#♣♣ ♣♣..+...#
##### ♣♣###.##
#..# #..# #.##
#..#.# ##.# #.. .#
#..# #.##.# #.##
#####..#.### #.#


You could see Crazy Yiuf (berserk).

Vanquished Creatures
  Jessica (D:3)
  4 adders
  An ooze (D:3)
  A worm (D:3)
  4 dart slugs
  A leopard gecko (D:2)
  5 orcs
  11 bats
  4 giant cockroaches
  11 goblins
  5 hobgoblins
  2 jackals (D:2)
  A quokka (D:2)
  A ball python (D:2)
  A frilled lizard (D:1)
  5 kobolds
  12 rats
70 creatures vanquished.

Notes
Turn   | Place    | Note
-------+----------+-------------------------------------------
     0 | D:1      | MTVSty1e the Gargoyle Monk began the quest for the Orb.
     0 | D:1      | Reached XP level 1. HP: 14/14 MP: 1/1
   219 | D:1      | Reached XP level 2. HP: 17/19 MP: 2/2
   698 | D:1      | Reached XP level 3. HP: 24/24 MP: 3/3
  1371 | D:2      | Reached XP level 4. HP: 13/29 MP: 4/4
  1899 | D:3      | Found a hazy altar of Hepliaklqana.
  1977 | D:3      | Found a snail-covered altar of Cheibriados.
  1999 | D:3      | Noticed Grinder
  2005 | D:3      | Gained mutation: Your muscles are strong. (Str +2) [potion
                  | of mutation]
  2005 | D:3      | Gained mutation: You have an increased reservoir of magic.
                  | (+10% MP) [potion of mutation]
  2005 | D:3      | Gained mutation: You are agile. (Dex +2) [potion of
                  | mutation]
  2030 | D:3      | Paralysed by Grinder for 4 turns
  2057 | D:3      | Found a glowing golden altar of the Shining One.
  2216 | D:3      | Noticed Jessica
  2229 | D:3      | Killed Jessica
  2229 | D:3      | Reached XP level 5. HP: 34/34 MP: 5/5
  2374 | D:3      | Found a runed door.
  2493 | D:3      | Noticed Crazy Yiuf
  2496 | D:3      | Slain by Crazy Yiuf

Skill      XL: |  1  2  3 |
---------------+----------+-----
Axes           | 3 4 |  4.6
Fighting       | 4 |  4.5
Dodging        | |  2.4
Stealth        | |  2.1

Action                   |  1- 3 |  4- 6 || total
-------------------------+-------+-------++-------
Melee: Hand axe          |   155 |   105 ||   260
  Use: Potion            |       |     6 ||     6
       Scroll            |       |     2 ||     2
  Eat: Chunk             |     2 |     3 ||     5
Armor: Robe              |    10 |       ||    10
       Ring mail         |    75 |     4 ||    79
       Scale mail        |       |    43 ||    43
       Skin              |       |    22 ||    22
Dodge: Dodged            |   110 |    49 ||   159
